 Dungeon Crawl Stone Soup version 0.30-a0-586-g23e55c9e0a (webtiles) character file.

Game seed: 10518532964412787149

228 IdlyInterested the Trooper (level 5, -3/45 HPs)
             Began as a Demonspawn Fighter on Jan 3, 2023.
             Killed by divine providence
             ... invoked by an orc priest
              (14 damage)
             ... on level 4 of the Dungeon.
             The game lasted 00:08:05 (3111 turns).

IdlyInterested the Trooper (Demonspawn Fighter)     Turns: 3111, Time: 00:08:06

Health: -3/45      AC: 13    Str: 16    XL:     5   Next: 71%
Magic:  5/5        EV:  4    Int:  9    God:
Gold:   242        SH:  5    Dex: 15    Spells: 4/4 levels left

rFire   . . .      SeeInvis .    l - +4 short sword
rCold   . . .      Faith    .    c - +0 buckler
rNeg    . . .      Spirit   .    p - +0 plate armour
rPois   .          Reflect  .    e - +1 hat
rElec   .          Harm     .    (no cloak)
rCorr   .          Rampage  .    (no gloves)
Will    .....                    (no boots) Stlth
                                 (no amulet)
HPRegen 0.27/turn                (no ring)
MPRegen 0.09/turn                (no ring)

@: no status effects
A: ignite blood 1, powered by pain 1, sharp scales 1
a: no special abilities


You were on level 4 of the Dungeon.
You visited 1 branch of the dungeon, and saw 4 of its levels.

You collected 242 gold pieces.

Inventory:

Hand Weapons
 a - a +0 flail
 i - a +0 dagger of speed
 l - a +4 short sword (weapon)
 q - a +0 long sword
 v - a +1 heavy mace
 x - a +0 war axe
Missiles
 n - 6 atropa-tipped darts
 o - 17 stones (quivered)
Armour
 b - a +0 scale mail
 c - a +0 buckler (worn)
 e - a +1 hat (worn)
 p - a +0 plate armour (worn)
 u - the +0 ring mail of Ziwe {rF+++ rC- Int+5 Dex-4}
   (You found it on level 2 of the Dungeon)

   Int:       It affects your intelligence (+5).
   Dex:       It affects your dexterity (-4).
   rF:        It renders you almost immune to fire.
   rC:        It makes you vulnerable to cold.
 w - a +0 helmet
Wands
 s - a wand of charming (6)
Scrolls
 f - a scroll of blinking
 g - a scroll of identify
 r - 2 scrolls of enchant weapon {unknown}
 t - a scroll of teleportation {unknown}
Potions
 d - a potion of might
 h - a potion of cancellation
 j - a potion of ambrosia
 k - a potion of attraction
 m - a potion of heal wounds
 z - a potion of degeneration {unknown}


   Skills:
 + Level 5.6 Fighting
 - Level 1.7 Maces & Flails
 - Level 1.0 Throwing
 * Level 2.7 Armour
 - Level 2.0 Dodging
 - Level 2.6 Shields
 - Level 1.0 Evocations


You had 4 spell levels left.
You didn't know any spells.
Your spell library contained the following spells:

 Spells                   Type           Power      Damage    Failure   Level
 Static Discharge         Conj/Air       0%         2-2/arc   100%        2
 Tukima's Dance           Hex            0%         N/A       100%        3
 Vhi's Electric Charge    Tloc/Air       0%         N/A       100%        3
 Passage of Golubria      Tloc           0%         N/A       100%        4
 Arcjolt                  Conj/Air       0%         1d10      100%        5
 Lightning Bolt           Conj/Air       0%         1d11      100%        5
 Yara's Violent Unravell  Hex/Tmut       0%         3d3       100%        5


Dungeon Overview and Level Annotations

Branches:
Dungeon (4/15)
 Temple: D:4-7

Altars:
Cheibriados
Uskayaw


Innate Abilities, Weirdness & Mutations

Your demonic aura sometimes causes spilled blood to erupt in flames.
You sometimes gain a little power by taking damage.
You are partially covered in razor-sharp scales. (AC +1, Slay +1)


Message History

The phantom hits you but does no damage.
You closely miss the phantom.
The phantom is almost destroyed.
The adder bites you but does no damage.
The phantom hits you but does no damage.
You hit the phantom.
You destroy the phantom!
The adder bites you.
You are poisoned.
The adder poisons you! The adder barely misses you.
Training target 1.0 for Evocations reached!
Your Fighting skill increases to level 5!
Your Evocations skill increases to level 1!
Unknown command.
You puncture the adder!
The adder is severely wounded.
You feel sick.
The adder is engulfed in blazing flames.
You kill the adder!
You feel sick.
You now have 242 gold pieces (gained 11).
You feel sick.
You feel sick.
Found 12 gold pieces.
You feel sick.
You feel sick.
You are no longer poisoned.
An orc comes into view. It is wielding a +0 hand axe.
The orc shouts!
You hear a shout! x2
An orc priest comes into view. It is wielding a +0 short sword.
An orc comes into view. It is wielding a +0 dagger.
You see here Great Wizards, Vol.
VII.
You pick up Great Wizards, Vol.
VII and begin reading...
You add the spells Tukima's Dance, Passage of Golubria and Yara's Violent Unravelling to your library.
z - a murky black potion You see here an adder corpse.
There are no objects that can be picked up here. an adder corpse The orc priest invokes the aid of Beogh against you.
Beogh smites you!
You die...

...................##
##........o.........#
#.........#.........#
#.........#o........#
#.[.......#.........#
#.........#.........#
#..........†.########
#...........#
##..))....@.#
###<....<..###
#............
#........####
#...>....# #........#
#........# ##########


You could see an orc priest and an orc.

Vanquished Creatures
  A phantom (D:4)
  Robin (D:3)
  7 adders
  2 worms
  2 dart slugs (D:1)
  3 orcs
  3 ball pythons
  3 endoplasms
  2 giant cockroaches
  2 hobgoblins (D:3)
  2 jackals (D:1)
  5 kobolds
  3 quokkas
  6 bats
  3 frilled lizards
  15 goblins
  7 rats
67 creatures vanquished.

Notes
Turn   | Place    | Note
-------+----------+-------------------------------------------
     0 | D:1      | IdlyInterested the Demonspawn Fighter began the quest for
                  | the Orb.
     0 | D:1      | Reached XP level 1. HP: 18/18 MP: 1/1
   575 | D:1      | Gained mutation: You sometimes gain a little power by
                  | taking damage. [demonic ancestry]
   575 | D:1      | Reached XP level 2. HP: 20/24 MP: 2/2
   605 | D:1      | Reached skill level 1 in Dodging
  1208 | D:2      | Gained mutation: You are partially covered in razor-sharp
                  | scales. (AC +1, Slay +1) [demonic ancestry]
  1208 | D:2      | Reached XP level 3. HP: 29/30 MP: 3/3
  1232 | D:2      | Reached skill level 1 in Throwing
  1305 | D:2      | Reached skill level 4 in Fighting
  1841 | D:2      | Identified the +0 ring mail of Ziwe {rF+++ rC- Int+5 Dex-4}
  1892 | D:3      | Noticed Robin
  1914 | D:3      | Reached XP level 4. HP: 32/37 MP: 4/4
  1927 | D:3      | Killed Robin
  2659 | D:3      | Found a snail-covered altar of Cheibriados.
  2689 | D:3      | Found a hide-covered altar of Uskayaw.
  3069 | D:4      | Gained mutation: Your demonic aura sometimes causes spilled
                  | blood to erupt in flames. [demonic ancestry]
  3069 | D:4      | Reached XP level 5. HP: 25/43 MP: 5/5
  3080 | D:4      | Noticed a phantom
  3095 | D:4      | Killed a phantom
  3096 | D:4      | Reached skill level 5 in Fighting
  3096 | D:4      | Reached skill level 1 in Evocations
  3111 | D:4      | Killed from afar by an orc priest

Illustrated notes

Levels and vault maps discovered:
D:1:      elethiomel_arrival_maze, layout_basic, minmay_door_square,
          grunt_decor_resistance
D:2:      layout_basic, amcnicky_mini_rare_corridor_liquid,
          kennysheep_generic_room_16
D:3:      layout_loops_ring, mainiacjoe_overflow_two_lobes,
          minmay_misc_feat_square, uniq_robin
D:4:      layout_rooms, amcnicky_altar_gilded, vehumet_statue,
          grunt_gozag_breadcrumbs

Skill      XL: |  1  2  3  4  5 |
---------------+----------------+-----
Dodging        | 1 2 |  2.0
Throwing       | 1 |  1.0
Fighting       | 4 5 |  5.6
Evocations     | 1 |  1.0
Maces & Flails | |  1.7
Armour         | |  2.7
Shields        | |  2.6

Action                   |  1- 3 |  4- 6 || total
-------------------------+-------+-------++-------
Melee: Flail             |    16 |       ||    16
       Short sword       |    82 |    92 ||   174
Throw: Stone             |     3 |       ||     3
  Use: Scroll            |     4 |     3 ||     7
Armor: Scale mail        |    35 |    27 ||    62
       Robe              |     1 |       ||     1
       Plate armour      |       |    38 ||    38
Dodge: Dodged            |    49 |    40 ||    89
Block: Buckler           |    23 |    20 ||    43

Table legend: (Time is in decaauts)
 A = Elapsed time spent in this place.
 B = Non-inter-level travel time spent in this place.
 C = Inter-level travel time spent in this place.
 D = Time resting spent in this place.
 E = Time spent auto-exploring this place.
 F = Levels seen in this place.
 G = Mean time per level.
                   A        B        C        D        E       F      G
               +--------+--------+--------+--------+--------+-----+--------+
         Total |   3126 |   2688 |    438 |    183 |   1819 |   4 |  781.5 |
       Dungeon |   3126 |   2688 |    438 |    183 |   1819 |   4 |  781.5 |
               +--------+--------+--------+--------+--------+-----+--------+

Top non-repeatable levels by time:
     D:1: 1205 daAuts
     D:3: 914 daAuts
     D:2: 912 daAuts
     D:4: 93 daAuts
